Map: 16-Bit LE

Players

Scarlett

  • Race: Zerg Zerg
  • Spawn Location: 7:00

uThermal - Winner!

  • Race: Terran Terran
  • Spawn Location: 1:00

Event: WCS Valencia 2018

VOD

Have the link to the VOD?

Description

Time

  • Played on: July 12, 2018, 1:24 p.m.
  • Length: 6:57

All games in this series

Show
View Real Time Build Order
Export as new Build Order

Scarlett Zerg 

Build Orders: Hatch First 

Get SALT Encoding   

  12  0:00  Drone  
  13  0:12  Overlord  
  13  0:18  Drone  
  14  0:31  Drone x2  
  16  0:50  Hatchery  
  16  0:53  Drone  
  16  0:57  Drone  
  16  1:00  Drone  
  18  1:10  Extractor  
  17  1:16  Spawning Pool  
  16  1:19  Drone  
  16  1:22  Drone  
  18  1:29  Drone  
  19  1:39  Drone  
  20  1:50  Overlord  
  20  2:03  Queen x2  
  20  2:04  Zergling x4  
  26  2:10  Metabolic Boost  
  26  2:12  Drone  
  26  2:15  Drone  
  28  2:23  Drone  
  28  2:24  Drone  
  30  2:34  Drone  
  31  2:42  Drone  
  32  2:46  Queen  
  34  2:54  Hatchery  
  34  2:55  Overlord  
  34  2:57  Drone  
  34  2:59  Drone  
  34  3:03  Drone  
  36  3:15  Drone x6  
  36  3:17  Drone  
  43  3:21  Overlord  
  43  3:24  Drone  
  44  3:27  Overlord  
  44  3:38  Overlord  
  44  3:39  Queen  
  46  3:42  Extractor  
  46  3:43  Drone  
  46  3:45  Queen  
  49  3:48  Drone x2  
  49  3:54  Drone  
  49  3:55  Drone  
  52  3:58  Zergling x6  
  54  4:09  Roach Warren  
  48  4:11  Zergling x6  
  45  4:21  Lair  
  45  4:23  Drone  
  46  4:25  Drone  
  46  4:27  Drone  
  46  4:29  Drone  
  50  4:31  Drone  
  50  4:34  Drone  
  50  4:36  Drone  
  52  4:40  Drone x2  
  54  4:47  Pneumatized Carapace  
  54  4:50  Spore Crawler  
  54  4:52  Drone  
  54  4:56  Roach x2  
  60  5:00  Roach  
  60  5:03  Roach  
  60  5:06  Overlord  
  62  5:08  Roach  
  62  5:11  Roach  
  66  5:21  Overseer  
  66  5:22  Overlord  
  66  5:25  Extractor  
  66  5:26  Zergling x6, Roach  
  70  5:29  Roach  
  72  5:37  Overlord x2  
  72  5:39  Roach  
  75  5:42  Queen  
  77  5:50  Zergling x8  
  77  5:52  Overlord  
  81  5:57  Ravager  
  77  6:08  Ravager  
  77  6:09  Zergling x2  
  77  6:38  Overseer  
Show
View Real Time Build Order
Export as new Build Order

uThermal Terran - Winner!

Build Orders: Gas First Reaper Expand, Hellion Opening, Reaper Expand 

Get SALT Encoding   

  12  0:01  SCV  
  13  0:13  SCV  
  14  0:17  Supply Depot  
  14  0:25  SCV  
  15  0:28  Refinery  
  15  0:39  SCV  
  16  0:45  Barracks  
  16  0:51  SCV  
  17  1:03  SCV  
  18  1:15  SCV  
  19  1:32  Reaper, Orbital Command  
  20  1:44  Command Center  
  20  1:55  Factory  
  20  1:59  SCV  
  21  2:06  Barracks Reactor  
  21  2:11  SCV  
  22  2:16  Supply Depot  
  22  2:17  Refinery  
  22  2:23  SCV  
  23  2:38  SCV  
  24  2:44  Starport  
  24  2:50  Hellion x2, SCV  
  29  2:53  Marine  
  29  2:58  Orbital Command  
  30  3:02  SCV  
  31  3:11  Barracks Tech Lab  
  33  3:12  Hellion  
  33  3:14  Hellion  
  33  3:18  SCV  
  36  3:24  SCV  
  37  3:29  Supply Depot  
  37  3:32  SCV  
  37  3:33  Raven  
  40  3:36  SCV  
  40  3:39  Hellion  
  43  3:45  SCV  
  43  3:48  SCV  
  45  3:51  Hellion  
  45  3:54  Barracks Tech Lab, Supply Depot  
  47  3:57  SCV  
  47  4:00  SCV  
  48  4:04  Hellion  
  51  4:10  SCV  
  51  4:12  SCV  
  51  4:13  Hellion  
  48  4:22  SCV  
  47  4:26  Raven, Command Center  
  47  4:28  SCV  
  50  4:33  Marine  
  50  4:34  Stimpack, SCV  
  52  4:40  SCV  
  52  4:43  Factory Reactor  
  53  4:46  SCV  
  53  4:49  Barracks  
  53  4:51  Marine, Barracks  
  55  4:53  SCV  
  55  4:58  SCV  
  55  4:59  Engineering Bay  
  57  5:02  Engineering Bay  
  57  5:04  Refinery x2  
  57  5:09  Marine  
  57  5:13  SCV x2  
  60  5:14  Supply Depot  
  60  5:17  Starport Reactor  
  60  5:25  SCV  
  60  5:27  Marine  
  62  5:34  Barracks  
  62  5:35  Barracks  
  62  5:36  SCV, Marine x2  
  62  5:42  SCV  
  66  5:44  Siege Tank, Marine  
  66  5:46  Marine  
  66  5:47  Marine  
  66  5:49  SCV  
  73  5:50  Supply Depot  
  73  5:54  Marine  
  74  5:58  Marine  
  74  6:00  Medivac x2  
  74  6:03  Missile Turret  
  79  6:04  Missile Turret  
  79  6:05  SCV  
  79  6:09  Marine x2  
  82  6:12  Marine x2  
  82  6:16  Marine  
  84  6:21  Siege Tank  
  87  6:29  Marine x2  
  87  6:30  Marine x2  
Tags
 
Add a new tag
Caveats
  • Supply blocks, unpowered buildings, or Contaminate may cause inaccurate times.
  • Supply counts are checked every 10 seconds.